 Dungeon Crawl Stone Soup version 0.32-a0-612-g1c984fe9d1 (webtiles) character file.

Game seed: 12440861488848663401

142 Elsrick the Trooper (level 5, -9/41 HPs)
             Began as a Demonspawn Fighter on Mar 5, 2024.
             Was an Initiate of Hepliaklqana.
             Killed by nerve-wracking pain
             ... invoked by an orc priest
              (14 damage)
             ... on level 3 of the Dungeon.
             The game lasted 00:05:59 (2094 turns).

Elsrick the Trooper (Demonspawn Fighter)            Turns: 2094, Time: 00:06:00

Health: -9/41      AC:  9    Str: 18    XL:     5   Next: 4%
Magic:  5/5        EV:  7    Int:  8    God:    Hepliaklqana [......]
Gold:   119        SH:  5    Dex: 13    Spells: 4/4 levels left

rFire   . . .        s - +2 dagger (vamp)
rCold   . . .        c - +0 buckler
rNeg    . . .        d - +0 chain mail
rPois   .            (helmet restricted)
rElec   .            (no cloak)
rCorr   .            (no gloves)
SInv    .            (no boots)
Will    .....        (no amulet) Stlth
                     (no ring)
HPRegen 0.26/turn    (no ring)
MPRegen 0.09/turn

%: no passive effects
@: no status effects
A: antennae 2
a: Renounce Religion


You were on level 3 of the Dungeon.
You worshipped Hepliaklqana.
Hepliaklqana was noncommittal.
You visited 1 branch of the dungeon, and saw 3 of its levels.

You collected 119 gold pieces.

Inventory:

Hand Weapons
 a - a +0 long sword
 s - a +2 vampiric dagger (weapon)
Missiles
 f - 2 poisoned darts
 h - 4 datura-tipped darts (quivered)
Armour
 b - a +0 scale mail
 c - a +0 buckler (worn)
 d - a +0 chain mail (worn)
Scrolls
 m - a scroll of teleportation {unknown}
 o - a scroll of blinking {unknown}
 p - a scroll of identify {unknown}
 q - a scroll of fog {unknown}
 r - a scroll of brand weapon {unknown}
Potions
 e - a potion of attraction {unknown}
 g - a potion of enlightenment {unknown}
 i - a potion of cancellation {unknown}
 j - 3 potions of curing {unknown}
 k - a potion of resistance {unknown}
 l - 2 potions of magic {unknown}
 n - a potion of heal wounds {unknown}


   Skills:
 + Level 3.5 Fighting
 + Level 3.2 Long Blades
 + Level 0.1 Throwing
 + Level 3.4 Armour
 + Level 0.2 Dodging
 + Level 3.3 Shields


You had 4 spell levels left.
You didn't know any spells.
Your spell library contained the following spells:

 Spells                   Type           Power      Damage    Failure   Level
 Shock                    Conj/Air       0%         1d3       99%         1
 Swiftness                Air            0%         N/A       100%        3
 Airstrike                Air            0%         2d(0-16)  100%        4


Dungeon Overview and Level Annotations

Branches:
Dungeon (3/15)

Altars:
Hepliaklqana


Innate Abilities, Weirdness & Mutations

You have a pair of antennae on your head.


Message History

You see here a hobgoblin corpse.
Found a stone staircase leading down.
An orc priest comes into view. It is wielding a +0 dagger.
The orc shouts!
The orc priest shouts!
The orc throws a boomerang.
The boomerang hits you but does no damage.
The orc priest mumbles some strange prayers to Beogh against you.
Beogh smites you!
You hit the orc priest.
You feel better.
The orc priest is moderately wounded.
You block the orc priest's attack.
You hit the orc priest but do no damage.
The orc priest is moderately wounded.
The orc priest calls down the wrath of Beogh upon you.
Beogh smites you!
You hit the orc priest but do no damage.
The orc priest is moderately wounded.
The orc priest hits you but does no damage.
The orc hits you from afar with a +0 trident.
You hit the orc priest but do no damage.
The orc priest is moderately wounded.
The orc priest hits you with a +0 dagger.
The orc hits you but does no damage.
You barely miss the orc priest.
The orc priest is moderately wounded.
The orc priest barely misses you.
The orc hits you from afar with a +0 trident.
* * * LOW HITPOINT WARNING * * *
You closely miss the orc priest.
The orc priest is moderately wounded.
The orc priest hits you with a +0 dagger.
* * * LOW HITPOINT WARNING * * *
The orc hits you from afar with a +0 trident.
* * * LOW HITPOINT WARNING * * *
You hit the orc priest.
The orc priest is heavily wounded.
The orc priest calls down the wrath of Beogh upon you.
Pain shoots through your body!
You die...
Hepliaklqana delivers you to your ancestors.

♣{ ..≈. #.....# .{
#..≈..≈. #.....#
♣###≈≈~..≈≈#.. ##.#.#.#
......o... ... .#.....#
o.##.#.≈# #># .#..†..#
..##.#≈~####.##.#.#.#.#
.....≈{##.##....#.....#
♣##..≈.#.#..≈..##.....#
♣ ##..#.##.≈≈≈.#@.#...#
# ###......o.oo.#.####
# #.###.#.#.####.#
######.#......... #.#
.<.....#.###.##### #.#
.#######. #.# #.. .# #
#.# .## .# #.# # .# #.#


You could see an orc priest and 2 orcs.

Vanquished Creatures
  Jessica (D:3)
  An orc wizard (D:3)
  4 adders (D:2)
  6 bats
  6 endoplasms
  4 giant cockroaches
  4 goblins
  7 hobgoblins
  2 quokkas (D:1)
  4 ball pythons
  8 kobolds
  3 rats
50 creatures vanquished.

Vanquished Creatures (collateral kills)
  A ball python (D:3)
  A quokka (D:3)
2 creatures vanquished.

Vanquished Creatures (others)
  An orc (D:3)
1 creature vanquished.

Grand Total: 53 creatures vanquished

Notes
Turn   | Place    | Note
-------+----------+-------------------------------------------
     0 | D:1      | Elsrick the Demonspawn Fighter began the quest for the Orb.
     0 | D:1      | Reached XP level 1. HP: 18/18 MP: 1/1
    90 | D:1      | Gained mutation: You have a pair of small antennae on your
                  | head. [demonic ancestry]
    90 | D:1      | Reached XP level 2. HP: 5/24 MP: 2/2
   633 | D:2      | Reached XP level 3. HP: 29/29 MP: 3/3
  1083 | D:2      | Gained mutation: You have a pair of antennae on your head.
                  | [demonic ancestry]
  1083 | D:2      | Reached XP level 4. HP: 35/35 MP: 4/4
  1636 | D:3      | Noticed Jessica
  1650 | D:3      | Killed Jessica
  1766 | D:3      | Reached XP level 5. HP: 34/41 MP: 5/5
  1926 | D:3      | Found a hazy altar of Hepliaklqana.
  1932 | D:3      | Became a worshipper of Hepliaklqana the Forgotten
  2094 | D:3      | Killed from afar by an orc priest

Illustrated notes

Levels and vault maps discovered:
D:1:      minmay_arrival_nine_rooms, layout_rooms, minmay_misc_feat_tiny,
          minmay_tetromino_s2
D:2:      layout_rooms, serial_forest, infiniplex_forest_fountain,
          infiniplex_forest_pool, infiniplex_forest_zigzag_1,
          infiniplex_forest_clump_tiny, infiniplex_forest_straight_3,
          infiniplex_forest_clump_long, infiniplex_forest_corner_1,
          infiniplex_forest_lined_2, infiniplex_forest_lined_room_2,
          infiniplex_forest_lined_room_, minmay_box_of_dots
D:3:      layout_loops_ring, nicolae_overflow_two_pavilions, serial_rivers,
          chequers_serial_rivers_large_a, chequers_serial_rivers_micro_a,
          chequers_serial_rivers_small_a, chequers_serial_rivers_room_a,
          chequers_serial_rivers_small_b, chequers_serial_rivers_micro_b,
          chequers_serial_rivers_micro_e, columned_hall_lemuel,
          serial_bayou_lake_a, uniq_jessica

Skill      XL: |  1  2  3  4 |
---------------+-------------+-----
Long Blades    | 2 3 |  3.2
Shields        | 3 |  3.3
Armour         | 3 |  3.4
Fighting       | |  3.5
Throwing       | |  0.1
Dodging        | |  0.2

Action                     |  1- 3 |  4- 6 || total
---------------------------+-------+-------++-------
  Melee: Long sword        |   132 |    42 ||   174
         Dagger            |       |    23 ||    23
  Throw: Dart              |       |     2 ||     2
    Use: Scroll            |     1 |       ||     1
         Potion            |     1 |       ||     1
 Armour: Scale mail        |   117 |       ||   117
         Chain mail        |    40 |    58 ||    98
  Dodge: Dodged            |    51 |    21 ||    72
  Block: Buckler           |    40 |    13 ||    53

Table legend: (Time is in decaauts)
 A = Elapsed time spent in this place.
 B = Non-inter-level travel time spent in this place.
 C = Inter-level travel time spent in this place.
 D = Time resting spent in this place.
 E = Time spent auto-exploring this place.
 F = Levels seen in this place.
 G = Mean time per level.
                   A        B        C        D        E       F      G
               +--------+--------+--------+--------+--------+-----+--------+
         Total |   2163 |   2113 |     50 |    461 |    902 |   3 |  721.0 |
       Dungeon |   2163 |   2113 |     50 |    461 |    902 |   3 |  721.0 |
               +--------+--------+--------+--------+--------+-----+--------+

Top non-repeatable levels by time:
     D:2: 1036 daAuts
     D:1: 642 daAuts
     D:3: 484 daAuts
